 Dungeon Sprint DCSS version 0.27-a0-1177-g245c70e1c0 (webtiles) character file.

Game seed: 17144604315721480613

16 Zeld the Skirmisher (level 2, -3/24 HPs)
             Began as an Octopode Monk on May 16, 2021.
             Was a Believer of Fedhas.
             Slain by a naga
             ... wielding a +3 flail of holy wrath
              (5 damage)
             ... in the Dungeon (Sprint V: "Ziggurat Sprint").
             The game lasted 00:01:33 (78 turns).

Zeld the Skirmisher (Octopode Monk)                   Turns: 78, Time: 00:01:35

Health: -3/24      AC:  1    Str: 22    XL:     2   Next: 58%
Magic:  2/2        EV:  6    Int: 12    God:    Fedhas [**....]
Gold:   0          SH: 18    Dex: 14    Spells: 1/1 levels left

rFire    . . .     SeeInvis .   h - +5 broad axe
rCold    . . .     Faith    .   g - +3 tower shield
rNeg     . . .     Spirit   .   (helmet restricted)
rPois    .         Reflect  .   (no amulet)
rElec    .         Harm     .   v - +6 ring of strength
rCorr    .         Rampage  .   u - +6 ring of strength
Will     .....     NoTele   +   (no ring)
Stlth    +++.......             (no ring)
HPRegen  0.08/turn              (no ring)
MPRegen  0.08/turn              (no ring)
                                (no ring)
                                (no ring)

@: lethally poisoned (-3 -> -10), constricted
A: almost no armour, amphibious, 8 rings, camouflage 1, gelatinous body 1,
(nimble swimmer 1), tentacles
a: Renounce Religion, Wall of Briars


You were in the Dungeon.
You worshipped Fedhas.
Fedhas was pleased with you.
You visited 1 branch

Inventory:

Hand Weapons
 h - a +5 broad axe (weapon)
Armour
 g - a +3 tower shield (worn)
Jewellery
 u - a +6 ring of strength (right tentacle)
 v - a +6 ring of strength (left tentacle)
Wands
 r - a wand of mindburst (7)
 s - a wand of iceblast (7)
 t - a wand of acid (7)
Scrolls
 f - 4 scrolls of blinking
 l - 4 scrolls of amnesia
 n - 7 scrolls of fog
 o - a scroll of holy word
 p - 5 scrolls of identify
 q - 2 scrolls of fear
Potions
 a - 10 potions of curing
 b - 10 potions of heal wounds
 c - 6 potions of haste
 d - 7 potions of magic
 e - 3 potions of berserk rage
 i - 2 potions of brilliance
 j - 2 potions of invisibility
 k - 4 potions of resistance
 m - 5 potions of might
Miscellaneous
 w - a lightning rod (4/4)


   Skills:
 * Level 5.3 Fighting
 * Level 4.2 Axes
 - Level 3.0 Dodging
 - Level 2.6 Stealth
 * Level 4.2 Shields
 - Level 3.0 Unarmed Combat
 * Level 0.9 Invocations


You had one spell level left.
You didn't know any spells.
Your spell library was empty.

Dungeon Overview and Level Annotations

Branches:
Dungeon (1/1)

Altars:
Ashenzari
Cheibriados
Dithmenos
Elyvilon
Fedhas
Gozag
Hepliaklqana
Kikubaaqudgha
Makhleb
Nemelex Xobeh
Okawaru
Qazlal
Ru
Sif Muna
Trog
Uskayaw
Vehumet
Wu Jian
Xom
Yredelemnul
Zin
The Shining One
Beogh
Jiyva
Lugonu

Annotations:
D 1 transporter


Innate Abilities, Weirdness & Mutations

You cannot wear most types of armour.
You are amphibious.
You can wear up to eight rings at the same time.
Your skin changes colour to match your surroundings (Stealth+).
Your rubbery body absorbs attacks. (AC +1, EV +1)
((You are camouflaged near water. (Stealth+)))
You have tentacles for arms and can constrict up to eight enemies at once.


Message History

Unknown command.
You see here an adder corpse.
x - the ring of Fena {rElec rPois Str-3 Int+4 Dex+2}
Okay, then.
Okay, then.
Drop what? 24/52 slots (_ for help) (? for menu, Esc to quit)
Autopickup disabled for rings of poison resistance.
You drop the ring of Fena {rElec rPois Str-3 Int+4 Dex+2}.
You see here a +0 hunting sling of flaming.
There is a transporter here.
Welcome to arena 2.
You enter the transporter and appear at another place. 2 adders and a naga come into view.
The naga shouts!
The naga unwields a +0 flail.
The naga drops a +0 flail.
The naga picks up a +3 flail of holy wrath.
The naga wields a +3 flail of holy wrath.
It softly glows with a divine radiance!
Found a +0 flail, a staff of death and the ring of Liberty {rCorr MP-9 Int+3}.
Found a transporter.
The adder hisses angrily. x2
You slash the naga!
The naga is heavily wounded.
The adder bites you.
You are poisoned.
The adder poisons you! You block the naga's attack. The naga barely misses you.
You block the adder's attack.
You closely miss the naga. Your squeeze misses the naga.
The naga is heavily wounded.
You slash the adder!
Your shield prevents you from hitting the adder.
You feel sick. The adder bites you. The adder closely misses you.
The naga spits poison at you. The splash of poison hits you!
You are more poisoned.
* * * LOW HITPOINT WARNING * * *
You block the adder's attack. x2; You block the naga's attack.
The naga grabs you.
You die...
Fedhas appreciates your contribution to the ecosystem.

▓▓▓▓▓▓▓▓▓▓▓▓▓
▓.8©8.▓.8©8.▓
▓.=)|.▓.....▓
▓.....▓.).=.▓
▓.SNS.▓..†..▓
▓..@..▓.....▓
▓.....▓..©..▓
▓..©..▓▓▓▓▓▓▓
▓▓▓▓▓▓▓


You could see a naga (catching breath) and 2 adders.

Vanquished Creatures
  An adder (D)
  A ball python (D)
2 creatures vanquished.

Notes
Turn   | Place    | Note
-------+----------+-------------------------------------------
     0 | D        | Zeld the Octopode Monk began the quest for the Orb.
     0 | D        | Reached XP level 1. HP: 16/16 MP: 1/1
     1 | D        | Found a blossoming altar of Fedhas.
     2 | D        | Found the +6 Majin-Bo {vamp, MP+6 Int+6}
     2 | D        | Found the +9 heavy crossbow "Sniper" {vorpal, Acc+∞ SInv}
     2 | D        | Found the +10 dark maul {vorpal}
     2 | D        | Found the +15 Maxwell's patent armour {-Cast -Tele rElec
                  | Will+ rCorr}
     2 | D        | Found the +18 shield of the Gong {rElec rN+ Will+ EV-5}
     2 | D        | Found the +14 obsidian axe {vorpal, Drain Fly SInv}
     2 | D        | Found the +7 great mace "Firestarter" {inner flame, rF++}
     2 | D        | Found the +6 shillelagh "Devastator" {shatter}
     2 | D        | Found the +11 plutonium sword {Contam Stlth-}
     2 | D        | Found the +8 lance "Wyrmbane" {slay drac, rPois rF+ rC+
                  | AC+3}
     2 | D        | Found the +9 sword of Zonguldrok {reap}
     2 | D        | Found the +13 scythe of Curses {drain, Drain}
     2 | D        | Found the +5 sword of Power {vorpal}
     2 | D        | Found the +7 mace of Variability {chain chaos}
     2 | D        | Found the +7 Singing Sword {vorpal, sonic wave}
     2 | D        | Found the +8 storm bow {elec, penet}
     4 | D        | Found a viscous altar of Jiyva.
     4 | D        | Found a hazy altar of Hepliaklqana.
     4 | D        | Found a transporter.
     4 | D        | Found an opulent altar of Gozag.
     4 | D        | Found an ancient bone altar of Kikubaaqudgha.
     4 | D        | Found a corrupted altar of Lugonu.
    16 | D        | Became a worshipper of Fedhas Madash
    16 | D        | Reached * piety under Fedhas
    16 | D        | Reached ** piety under Fedhas
    24 | D        | Found a burning altar of Makhleb.
    33 | D        | Found a shimmering blue altar of Sif Muna.
    33 | D        | Found a sacrificial altar of Ru.
    33 | D        | Found a bloodstained altar of Trog.
    33 | D        | Found a stormy altar of Qazlal.
    33 | D        | Found an iron altar of Okawaru.
    33 | D        | Found a sparkling altar of Nemelex Xobeh.
    35 | D        | Reached skill level 5 in Fighting
    35 | D        | Reached XP level 2. HP: 24/24 MP: 2/2
    58 | D        | Entered arena 2.
    58 | D        | Found a transporter.
    67 | D        | Got the ring of Fena {rElec rPois Str-3 Int+4 Dex+2}
    74 | D        | Entered arena 3.
    74 | D        | Noticed a naga
    74 | D        | Found a transporter.
    78 | D        | Slain by a naga

Illustrated notes

Levels and vault maps discovered:
D:        sprint_v [room_start, room_1, room_2, room_3, room_4, room_5, room_6,
          room_7, room_8, room_9, room_10, room_11, room_12, room_13, room_14,
          room_15, room_16, room_17, room_18, room_19, room_20, room_21,
          room_22, room_23, room_24, room_25, room_26, room_27]

Skill      XL: |  1 |
---------------+----+-----
Fighting       | 5 |  5.3
Axes           | 4 |  4.2
Shields        | 4 |  4.2
Dodging        | |  3.0
Stealth        | |  2.6
Unarmed Combat | |  3.0
Invocations    | |  0.9

Action                   || total
-------------------------++-------
Melee: Broad axe         ||     6
       Constrict         ||     2
       Tentacles         ||     1
  Use: Potion            ||     1
Dodge: Dodged            ||     2
Block: Tower shield      ||    11

Table legend: (Time is in decaauts)
 A = Elapsed time spent in this place.
 B = Non-inter-level travel time spent in this place.
 C = Inter-level travel time spent in this place.
 D = Time resting spent in this place.
 E = Time spent auto-exploring this place.
 F = Levels seen in this place.
 G = Mean time per level.
                   A        B        C        D        E       F      G
               +--------+--------+--------+--------+--------+-----+--------+
         Total |     80 |     80 |      0 |      0 |      0 |   1 |   80.0 |
       Dungeon |     80 |     80 |      0 |      0 |      0 |   1 |   80.0 |
               +--------+--------+--------+--------+--------+-----+--------+

Top non-repeatable levels by time:
       D: 80 daAuts
